 Dungeon Crawl Stone Soup version 0.26-a0-712-ga5a9c9c9d0 (webtiles) character file.

Game seed: 11776066106209013464

51 RaHiT the Skirmisher (level 3, -1/29 HPs)
             Began as a Demonspawn Chaos Knight on Oct 31, 2020.
             Was a Plaything of Xom.
             Slain by a gnoll
             ... wielding a +3 halberd of protection
              (5 damage)
             ... on level 3 of the Dungeon.
             The game lasted 00:07:14 (1923 turns).

RaHiT the Skirmisher (Demonspawn Chaos Knight)      Turns: 1923, Time: 00:07:44

Health: -1/29      AC:  6    Str: 13    XL:     3   Next: 57%
Magic:  3/3        EV: 10    Int: 13    God:    Xom [.....*]
Gold:   131        SH:  3    Dex: 12    Spells: 2/2 levels left

rFire    . . .     SeeInvis .     - Unarmed
rCold    . . .     Faith    .   h - +0 buckler
rNeg     . . .     Spirit   .   a - +2 leather armour
rPois    .         Reflect  .   l - +1 hat {MR+}
rElec    .         Harm     .   (no cloak)
rCorr    .         Rampage  .   (no gloves)
MR       +....                  (no boots)
Stlth    +.........             (no amulet)
HPRegen  0.09/turn              (no ring)
MPRegen  0.08/turn              (no ring)

@: about to teleport
A: horns 1
a: Renounce Religion


You were on level 3 of the Dungeon.
You worshipped Xom.
You were Xom's teddy bear.
You visited 1 branch of the dungeon, and saw 3 of its levels.

You collected 131 gold pieces.

Inventory:

Missiles
 c - 4 boomerangs (quivered)
 f - 28 stones
 i - 22 arrows
 j - 10 sling bullets
Armour
 a - a +2 leather armour (worn)
 h - a +0 buckler (worn)
 l - a +1 hat of magic resistance (worn)
Scrolls
 b - a scroll of amnesia {unknown}
 d - 3 scrolls of teleportation
 e - a scroll of enchant armour {unknown}
 g - a scroll of immolation {unknown}
Miscellaneous
 k - a lightning rod (4/4)


   Skills:
 * Level 3.5 Fighting
 + Level 0.6 Throwing
 + Level 2.0 Armour
 + Level 1.1 Dodging
 + Level 0.1 Shields
 * Level 3.1 Unarmed Combat
 + Level 0.4 Spellcasting


You had 2 spell levels left.
You didn't know any spells.
Your spell library was empty.

Dungeon Overview and Level Annotations

Branches:
Dungeon (2/15)

Altars:

Annotations:
D:2 Terence


Innate Abilities, Weirdness & Mutations

You have a pair of small horns on your head.


Message History

The kobold is moderately wounded.
The gnoll hits you from afar with a +3 halberd of protection.
The gnoll barely misses you. The kobold hits you but does no damage.
You miss the kobold.
The kobold is moderately wounded.
The gnoll hits you but does no damage. The kobold hits you but does no damage.
You closely miss the kobold.
The kobold is moderately wounded.
The orc shouts!
You hear a shout! x2
The gnoll hits you from afar with a +3 halberd of protection!
Ouch! That really hurt!
* * * LOW HITPOINT WARNING * * *
An orc comes into view. It is wielding a +0 dagger.
As you read the scroll of teleportation, it crumbles to dust.
You feel strangely unstable. The kobold barely misses you.
The gnoll hits you with a cursed -2 whip.
* * * LOW HITPOINT WARNING * * *
The gnoll hits you from afar with a +3 halberd of protection.
You die...
Xom bursts into laughter!

# ### ###
#####.#.. ..
......#.##.#####
...K..........$.
....##K##.g....
. #@#.g.....
#g#.######
#bg.......
##o.....$.
#........
#.......$
#$..?o...
#...o....
#........


You could see 2 gnolls, 3 orcs, a bat and a kobold.

Vanquished Creatures
  A gnoll (D:1)
  3 leopard geckos (D:1)
  2 giant cockroaches
  8 goblins
  3 hobgoblins
  5 jackals
  6 kobolds
  2 bats (D:1)
  A frilled lizard (D:2)
  4 rats
35 creatures vanquished.

Notes
Turn   | Place    | Note
-------+----------+-------------------------------------------
     0 | D:1      | RaHiT the Demonspawn Chaos Knight began the quest for the
                  | Orb.
     0 | D:1      | Reached XP level 1. HP: 18/18 MP: 1/1
   179 | D:1      | XOM: silly message
   282 | D:1      | XOM: stat loss: -1 Int (12/13)
   304 | D:1      | XOM: 1-stop teleportation journey
   365 | D:1      | XOM: 7-stop teleportation journey
   440 | D:1      | XOM: divination: detect items
   545 | D:1      | Reached skill level 1 in Dodging
   618 | D:1      | Gained mutation: You have a pair of small horns on your
                  | head. [demonic ancestry]
   618 | D:1      | Reached XP level 2. HP: 19/24 MP: 2/2
   633 | D:1      | XOM: cloud trail
   714 | D:1      | XOM: noise
   734 | D:1      | XOM: cast spell 'Shadow Creatures'
   953 | D:1      | XOM: divination: magic mapping
   961 | D:1      | Reached XP level 3. HP: 27/29 MP: 3/3
  1413 | D:1      | XOM: silly message
  1643 | D:2      | Noticed Terence
  1646 | D:2      | XOM: fake destruction
  1738 | D:2      | XOM: god gift: lightning rod (4/4)
  1768 | D:2      | XOM is BORED!
  1768 | D:2      | XOM: summons 2 hostile demons
  1769 | D:2      | Noticed a chaos spawn
  1770 | D:2      | XOM: butterfly on damage
  1828 | D:1      | XOM: god gift: glowing hat {god gift}
  1888 | D:2      | XOM: scenery: 2 doors open, 1 doors close
  1911 | D:2      | You fall into a shaft and drop 1 floor!
  1923 | D:3      | Slain by a gnoll

Illustrated notes

Levels and vault maps discovered:
D:1:      elethiomel_arrival_infinity_welcomes_careful_drivers, layout_rooms,
          moated_statue
D:2:      minmay_spotlight, layout_basic, uniq_terence
D:3:      layout_basic, lightli_temple_of_fire, nicolae_overflow_crystal_walls

Skill      XL: |  1  2 |
---------------+-------+-----
Dodging        | 1 |  1.1
Armour         | 2 |  2.0
Unarmed Combat | 3 |  3.1
Fighting       | |  3.5
Throwing       | |  0.6
Shields        | |  0.1
Spellcasting   | |  0.4

Action                   || total
-------------------------++-------
Melee: Unarmed           ||   122
       Punch             ||     3
       Headbutt          ||     6
Throw: Stone             ||    35
       Boomerang         ||     7
  Use: Scroll            ||     2
Armor: Leather armour    ||    36
Dodge: Dodged            ||    57
Block: Buckler           ||     5

Table legend: (Time is in decaauts)
 A = Elapsed time spent in this place.
 B = Non-inter-level travel time spent in this place.
 C = Inter-level travel time spent in this place.
 D = Time resting spent in this place.
 E = Time spent auto-exploring this place.
 F = Levels seen in this place.
 G = Mean time per level.
                   A        B        C        D        E       F      G
               +--------+--------+--------+--------+--------+-----+--------+
         Total |   1923 |   1891 |     32 |    475 |    806 |   3 |  641.0 |
       Dungeon |   1923 |   1891 |     32 |    475 |    806 |   3 |  641.0 |
               +--------+--------+--------+--------+--------+-----+--------+

Top non-repeatable levels by time:
     D:1: 1530 daAuts
     D:2: 381 daAuts
     D:3: 11 daAuts
